 Dungeon Crawl Stone Soup version 0.18.0-2-g198d6d4 (webtiles) character file.

443 MTVSty1e the Skirmisher (level 6, 0/60 HPs)
             Began as a Minotaur Fighter on May 5, 2016.
             Slain by juanjsm's ghost (3 damage)
             ... in an ossuary.
             The game lasted 00:09:13 (2455 turns).

MTVSty1e the Skirmisher (Minotaur Fighter)          Turns: 2455, Time: 00:09:14

Health: 0/60       AC:  6    Str: 22    XL:     6   Next: 71%
Magic:  5/5        EV:  9    Int:  5    God:
Gold:   117        SH:  0    Dex: 15    Spells: 0 memorised, 5 levels left

rFire  . . .     SeeInvis .     a - +0 war axe
rCold  . . .     Gourm    .     b - +0 scale mail
rNeg   . . .     Faith    .     k - +1 large shield
rPois  .         Spirit   .     (helmet restricted)
rElec  .         Dismiss  .     (no cloak)
rCorr  .         Reflect  .     (no gloves)
SustAt .         Harm     .     (no boots)
MR     .....                    m - amulet of magic regeneration
Stlth  ..........               (no ring)
                                (no ring)

@: confused, agile, very slightly contaminated, very heavily drained, not
resistant to hostile enchantments, extremely unstealthy
A: retaliatory headbutt, horns 2
a: no special abilities


You were in an ossuary.
You were not hungry.

You visited 1 branch of the dungeon, and saw 4 of its levels.
You also visited: Ossuary.

You collected 117 gold pieces.

Inventory:

Hand Weapons
 a - a +0 war axe (weapon)
Armour
 b - a +0 scale mail (worn)
 c - a +0 shield
 k - a +1 large shield (worn)
Jewellery
 m - an amulet of magic regeneration (around neck)
Wands
 n - a wand of lightning (2/15)
Scrolls
 i - 2 scrolls of remove curse
 o - a scroll of identify
Potions
 e - a potion of haste
 j - a potion of brilliance
Comestibles
 g - 2 meat rations
 h - a slice of pizza
 q - 2 bread rations


   Skills:
 + Level 7.3(0.7) Fighting
 + Level 5.2(0.0) Axes
 - Level 3.1(0.0) Throwing
 + Level 6.1(0.0) Armour
 * Level 6.1(0.0) Dodging
 + Level 6.3(0.0) Shields
 + Level 3.4(0.0) Unarmed Combat


You had 5 spell levels left.
You didn't know any spells.

Dungeon Overview and Level Annotations

Branches:
Dungeon (4/15)             Temple (0/1) D:4

Altars:
The Shining One

Annotations:
Ossuary juanjsm's ghost, novice SpEn


Innate Abilities, Weirdness & Mutations

You reflexively headbutt those who attack you in melee.
You have a pair of horns on your head.


Message History

You miss juanjsm's ghost. Your headbutt misses juanjsm's ghost.
Juanjsm's ghost is lightly damaged.
Juanjsm's ghost completely misses you.
You closely miss juanjsm's ghost. Your headbutt misses juanjsm's ghost.
Juanjsm's ghost is lightly damaged.
Juanjsm's ghost hits you but does no damage.
You feel drained.
You closely miss juanjsm's ghost.
Juanjsm's ghost is lightly damaged.
Juanjsm's ghost gestures at you while chanting.
You are confused.
You bump into the stone wall.
You feel yourself slow down.
Juanjsm's ghost hits you but does no damage.
You feel drained.
You closely miss juanjsm's ghost. Your headbutt misses juanjsm's ghost.
Juanjsm's ghost is lightly damaged.
Juanjsm's ghost hits you but does no damage.
You feel drained. Juanjsm's ghost hits you.
You die...

###
##@#
+.W#
##∩#
###


You could see juanjsm's ghost.

Vanquished Creatures
  The ghost of Bubs the Stinger, an amateur MfVM (D:3)
  A scorpion (D:4)
  A giant frog skeleton (D:4)
  2 orc wizards (D:4)
  A worker ant (D:4)
  A mummy (D:4)
  5 adders
  4 gnolls (D:3)
  2 oozes
  2 worms (D:2)
  2 dart slugs
  A giant gecko (D:4)
  3 orcs (D:4)
  6 bats
  5 giant cockroaches
  3 goblins
  2 hobgoblins
  4 jackals
  A quokka (D:2)
  A giant gecko skeleton (D:4)
  4 giant newts
  5 kobolds
  6 rats
63 creatures vanquished.

Vanquished Creatures (others)
  A hobgoblin (D:1)
1 creature vanquished.

Grand Total: 64 creatures vanquished

Notes
Turn   | Place    | Note
--------------------------------------------------------------
     0 | D:1      | MTVSty1e the Minotaur Fighter began the quest for the Orb.
     0 | D:1      | Reached XP level 1. HP: 19/19 MP: 0/0
   436 | D:1      | Reached XP level 2. HP: 26/27 MP: 1/1
   583 | D:2      | Reached skill level 4 in Fighting
   583 | D:2      | Reached XP level 3. HP: 16/33 MP: 2/2
   587 | D:2      | Reached skill level 7 in Fighting
   587 | D:2      | Reached skill level 5 in Axes
   587 | D:2      | Reached skill level 5 in Armour
   587 | D:2      | Reached skill level 5 in Dodging
   587 | D:2      | Reached skill level 5 in Shields
   587 | D:2      | Reached XP level 4. HP: 4/47 MP: 3/3
   595 | D:2      | HP: 2/47 [poisoned by an adder]
   603 | D:2      | HP: 1/47 [poisoned by an adder]
  1218 | D:2      | Found a glowing golden altar of the Shining One.
  1398 | D:3      | Noticed Bubs's ghost (amateur MfVM)
  1411 | D:3      | Killed Bubs's ghost
  1411 | D:3      | Reached XP level 5. HP: 45/52 MP: 4/4
  2133 | D:4      | Reached XP level 6. HP: 52/60 MP: 5/5
  2204 | D:4      | Found a staircase to the Ecumenical Temple.
  2388 | D:4      | Found a sand-covered staircase.
  2401 | Ossuary  | Entered an ossuary
  2401 | Ossuary  | Noticed juanjsm's ghost (novice SpEn)
  2448 | Ossuary  | HP: 2/60 [bounced beam (12)]
  2455 | Ossuary  | Slain by juanjsm's ghost

Skill      XL: |  1  2  3  4  5  6 |
---------------+-------------------+-----
Fighting       | 4 7 |  7.3
Armour         | 4 5 6 |  6.1
Axes           | 5 |  5.2
Throwing       | 3 |  3.1
Dodging        | 5 6 |  6.1
Shields        | 5 6 |  6.3
Unarmed Combat | 3 |  3.4

Action                   |  1- 3 |  4- 6 || total
-------------------------+-------+-------++-------
Melee: War axe           |    36 |   177 ||   213
       Headbutt          |     5 |    30 ||    35
Evoke: Wand              |       |     1 ||     1
  Use: Scroll            |     3 |     4 ||     7
       Potion            |     1 |     5 ||     6
  Eat: Bread ration      |       |     1 ||     1
       Meat ration       |       |     1 ||     1
Armor: Scale mail        |    14 |    63 ||    77
Dodge: Dodged            |     8 |    38 ||    46
Block: Large shield      |    37 |   135 ||   172
       Shield            |     4 |       ||     4
